 Dungeon Crawl Stone Soup version 0.24-a0-205-g1d96822 (console) character file.

Game seed: 3556467113309820828

58 Voker57 the Skirmisher (level 3, 0/45 HPs)
             Began as a Demonspawn Monk on Mar 28, 2019.
             Slain by a worm (2 damage)
             ... on level 2 of the Dungeon.
             The game lasted 00:01:57 (1342 turns).

Voker57 the Skirmisher (Demonspawn Monk)            Turns: 1342, Time: 00:01:58

Health: 0/45       AC: 21    Str: 11    XL:     3   Next: 76%
Magic:  3/3        EV:  2    Int: 11    God:
Gold:   63         SH:  0    Dex: 16    Spells: 2/2 levels left

rFire    . . .     SeeInvis .   a - +0 falchion
rCold    . . .     Gourm    .   (no shield)
rNeg     + + +     Faith    .   (armour currently unavailable)
rPois    +         Spirit   .   (helmet currently unavailable)
rElec    .         Reflect  .   (cloak currently unavailable)
rCorr    .         Harm     .   (gloves currently unavailable)
MR       .....     NoTele   +   (boots currently unavailable)
Stlth    ++........             (no amulet)
HPRegen  0.15/turn              (no ring)
MPRegen  0.08/turn              (no ring)

@: tree-form
A: freezing cloud immunity
a: no special abilities


You were on level 2 of the Dungeon.
You were hungry.
You were a tree.
You visited 1 branch of the dungeon, and saw 2 of its levels.

You collected 63 gold pieces.

Inventory:

Hand Weapons
 a - a +0 falchion (weapon)
Armour
 b - a +0 robe (melded)
Jewellery
 f - a +3 amulet of reflection {unknown}
Scrolls
 g - a scroll of blinking {unknown}
Comestibles
 c - 3 rations


   Skills:
 + Level 4.0 Fighting
 - Level 2.6 Long Blades
 + Level 3.5 Dodging
 - Level 1.7 Stealth


You had 2 spell levels left.
You didn't know any spells.
Your spell library was empty.

Dungeon Overview and Level Annotations

Branches:
Dungeon (2/15)

Altars:


Innate Abilities, Weirdness & Mutations

((Your flesh is cold resistant. (rC+)))
You are immune to freezing clouds.


Message History

You hit the worm.
The worm is moderately wounded.
You feel sick. The worm bites you but does no damage.
You hit the worm.
The worm is severely wounded.
The worm bites you.
* * * LOW HITPOINT WARNING * * *
You hit the worm.
The worm is severely wounded.
You barely miss the worm.
The worm is severely wounded.
You feel sick.
You are no longer poisoned.
The worm bites you.
* * * LOW HITPOINT WARNING * * *
You barely miss the worm.
The worm is severely wounded.
You are feeling hungry.
The worm bites you.
You die...

##.########.##.# #..> #
#.## #.##.# ####.# #..#
..##.# # ##.# ####.# #.#
#.# # #.#.########.## .#
#.#...........# #.##
#.#######.(.).# #...##
#.# ##(###.# #.....# #.#
##...##.##....... ##.##
#).†..?.♣w.......
##...####.....#.##.......
#.....##.#####..# #.....#
#.......## ##.# ....##
#........# .## #.##
#...†.###.# # .# #.#.#.#
#.# # #....%# #.# ......#
.# ##....# # ##.#.#


You could see a worm.

Vanquished Creatures
  3 adders (D:2)
  A dart slug (D:1)
  A leopard gecko (D:1)
  4 bats
  A giant cockroach (D:2)
  7 goblins
  A quokka (D:2)
  2 frilled lizards (D:1)
  8 kobolds
  2 rats
30 creatures vanquished.

Notes
Turn   | Place    | Note
-------+----------+-------------------------------------------
     0 | D:1      | Voker57 the Demonspawn Monk began the quest for the Orb.
     0 | D:1      | Reached XP level 1. HP: 18/18 MP: 1/1
   140 | D:1      | Gained mutation: Your flesh is cold resistant. (rC+)
                  | [demonic ancestry]
   140 | D:1      | Reached XP level 2. HP: 2/24 MP: 2/2
  1263 | D:2      | Gained mutation: You are immune to freezing clouds.
                  | [demonic ancestry]
  1263 | D:2      | Reached XP level 3. HP: 25/30 MP: 3/3
  1334 | D:2      | Reached skill level 4 in Fighting
  1341 | D:2      | HP: 2/45 [worm (1)]
  1342 | D:2      | Slain by a worm

Levels and vault maps discovered:
D:1:      sevenhm_arrival_forest_fort_large_4, layout_loops_ring
D:2:      layout_loops_ring

Skill      XL: |  1  2  3 |
---------------+----------+-----
Dodging        | 3 |  3.5
Fighting       | 4 |  4.0
Long Blades    | |  2.6
Stealth        | |  1.7

Action                   || total
-------------------------++-------
Melee: Falchion          ||    93
  Use: Potion            ||     3
 Stab: Sleeping          ||     6
  Eat: Chunk             ||     1
Armor: Robe              ||    10
       Skin              ||    19
Dodge: Dodged            ||    46
       Rpst.: Falchion   ||    15

Table legend:
 A = Non-vault XP
 B = Vault XP
 C = Vault XP percentage of total XP
 D = Non-vault monster count
 E = Vault monster count
 F = Vault count percentage of total count
                 A         B        C        D         E       F
            +---------+---------+-------+---------+---------+-------
      Total |      84 |       0 |   0.0 |      30 |       0 |   0.0
            +---------+---------+-------+---------+---------+-------
        D:1 |      32 |       0 |   0.0 |      19 |       0 |   0.0
        D:2 |      52 |       0 |   0.0 |      11 |       0 |   0.0
            +---------+---------+-------+---------+---------+-------
